 Dungeon Crawl Stone Soup version 0.25-a0-458-g6fc7858b95 (webtiles) character file.

Game seed: 15046136926467221547, levelgen mode: deterministic

59 ipx the Cudgeler (level 3, 30/30 HPs)
             Began as a Minotaur Gladiator on Feb 2, 2020.
             Got out of the dungeon alive.
             The game lasted 00:08:38 (632 turns).

ipx the Cudgeler (Minotaur Gladiator)                Turns: 632, Time: 00:08:39

Health: 30/30      AC:  8    Str: 19    XL:     3   Next: 78%
Magic:  2/2        EV: 13    Int:  5    God:
Gold:   76         SH:  0    Dex: 11    Spells: 2/2 levels left

rFire    . . .     SeeInvis .   u - -2 whip (curse)
rCold    . . .     Gourm    .   (no shield)
rNeg     . . .     Faith    .   i - +0 ring mail
rPois    .         Spirit   .   c - +0 hat
rElec    .         Reflect  .   (no cloak)
rCorr    .         Harm     .   (no gloves)
MR       .....                  g - +2 pair of boots
Stlth    +.........             (no amulet)
HPRegen  0.10/turn              E - +1 ring of evasion
MPRegen  0.08/turn              (no ring)

@: no status effects
A: retaliatory headbutt, horns 2
a: no special abilities


You escaped.
You were not hungry.

You visited 1 branch of the dungeon, and saw 4 of its levels.

You collected 76 gold pieces.

Inventory:

Hand Weapons
 a - a +0 flail
 b - a +0 vorpal hunting sling
 u - a cursed -2 whip (weapon)
Missiles
 d - a throwing net (quivered)
 h - 105 stones
 o - 52 sling bullets
 q - 13 poisoned darts
Armour
 c - a +0 hat (worn)
 g - a +2 pair of boots (worn)
 i - a +0 ring mail (worn)
 m - a +0 leather armour
Jewellery
 E - a +1 ring of evasion (left hand)
Scrolls
 l - a scroll of fog
 n - a scroll of identify
Potions
 e - a potion of might {unknown}
 j - a potion of lignification {unknown}
 k - a potion of resistance {unknown}
 p - a potion of cancellation {unknown}
 s - 3 potions of mutation {unknown}
 t - a potion of haste {unknown}
Comestibles
 f - 4 rations


   Skills:
 - Level 2.4 Fighting
 + Level 5.6 Maces & Flails
 + Level 0.8(1.6) Slings
 - Level 2.0(2.1) Throwing
 - Level 3.2 Dodging


You had 2 spell levels left.
You didn't know any spells.
Your spell library was empty.

Dungeon Overview and Level Annotations

Branches:
Dungeon (4/15)
 Temple: D:4-7

Altars:

Shops:
D:4 :


Innate Abilities, Weirdness & Mutations

You reflexively headbutt those who attack you in melee.
You have a pair of horns on your head.


Message History

As you read the scroll labeled TUERCHATOILL, it crumbles to dust.
It is a scroll of enchant weapon.
Your cursed -3 whip glows red for a moment.
You can't unwield your weapon to draw a new one!
You can't unwield your weapon to draw a new one!
(D) Dungeon
Where to? (? - help)
What level of the Dungeon? (default 1, ? - help)
There is a stone staircase leading up here.
You climb upwards.
There is a stone staircase leading down here.
There is a stone staircase leading up here.
You climb upwards.
There is a stone staircase leading down here.
There is a stone staircase leading up here.
You climb upwards.
There is a stone staircase leading down here.
There is a staircase leading out of the dungeon here.
Are you sure you want to leave the Dungeon?
This will make you lose the game!
You have escaped!

##...# ##..#.#
#..#.# #..#.# #..#.#
##..#.# ### ##...#.#
#.. #....#.#########
#.#
+..@.'.........###.#
#....#########..##†#
##...# ##..... ##..#
#..≈≈≈ #..# #..≈≈≈
#..# #..≈≈≈ #..#
#).≈≈≈ #..# #..≈≈≈
...# #.....


There were no monsters in sight!

Vanquished Creatures
  2 adders (D:3)
  A dart slug (D:1)
  A leopard gecko (D:4)
  5 bats
  2 giant cockroaches
  7 goblins
  6 hobgoblins
  4 jackals (D:2)
  A kobold (D:1)
  A quokka (D:2)
  2 frilled lizards (D:1)
  2 rats (D:1)
34 creatures vanquished.

Notes
Turn   | Place    | Note
-------+----------+-------------------------------------------
     0 | D:1      | ipx the Minotaur Gladiator began the quest for the Orb.
     0 | D:1      | Reached XP level 1. HP: 18/18 MP: 0/0
    37 | D:1      | Reached skill level 4 in Maces & Flails
    93 | D:1      | Reached XP level 2. HP: 25/25 MP: 1/1
   224 | D:2      | Reached skill level 5 in Maces & Flails
   251 | D:2      | Reached XP level 3. HP: 30/30 MP: 2/2
   506 | D:4      | Found Radyal's Book Shop.
   632 | D:$      | Got out of the dungeon alive.

Levels and vault maps discovered:
D:1:      giann_horns, layout_basic, minivault_14,
          chequers_serial_rivers_micro_a
D:2:      layout_rooms, uniq_terence, uniq_robin, uniq_crazy_yiuf_cottage
D:3:      layout_loops_ring, columned_hall_lemuel
D:4:      layout_rooms, serial_glass, glass_columns_a, glass_columns_c,
          serial_shops, shop

Skill      XL: |  1  2 |
---------------+-------+-----
Maces & Flails | 4 5 |  5.6
Fighting       | |  2.4
Slings         | |  0.8
Throwing       | |  2.0
Dodging        | |  3.2

Action                   || total
-------------------------++-------
Melee: Flail             ||    62
       Headbutt          ||     8
 Fire: Hunting sling     ||     6
Throw: Throwing net      ||     6
  Use: Scroll            ||     2
 Stab: Held in net/web   ||     1
Armor: Leather armour    ||     8
       Ring mail         ||    24
Dodge: Dodged            ||    33

Table legend:
 A = Non-vault XP
 B = Vault XP
 C = Vault XP percentage of total XP
 D = Non-vault monster count
 E = Vault monster count
 F = Vault count percentage of total count
                 A         B        C        D         E       F
            +---------+---------+-------+---------+---------+-------
      Total |      85 |       0 |   0.0 |      34 |       0 |   0.0
            +---------+---------+-------+---------+---------+-------
        D:1 |      27 |       0 |   0.0 |      15 |       0 |   0.0
        D:2 |      17 |       0 |   0.0 |       9 |       0 |   0.0
        D:3 |      38 |       0 |   0.0 |       9 |       0 |   0.0
        D:4 |       3 |       0 |   0.0 |       1 |       0 |   0.0
            +---------+---------+-------+---------+---------+-------
